[Event "Titled Tuesday Blitz June 13 Early 2023"]
[White "Asavasaetakul, Chawit"]
[Black "Matveeva, Olga"]
[WhiteFideId "6204856"]
[BlackFideId "24107018"]
[WhiteElo "1919"]
[BlackElo "2009"]
[Result "1-0"]
[Round "3"]
[TimeControl "180+2"]
[Date "2023.06.13"]
[WhiteClock "0:01:07"]
[BlackClock "0:00:01"]
[Board "117"]

1. e4 e6 2. Nf3 d5 3. e5 c5 4. b4 d4 5. Bd3 cxb4 6. a3 Nc6 7. O-O Bc5 8. Re1 Nge7 9. axb4 Nxb4 10. Be4 Nbc6 11. Ba3 Qb6 12. d3 Bd7 13. Nbd2 Bxa3 14. Nc4 Qc7 15. Rxa3 O-O 16. Bxh7+ Kxh7 17. Ng5+ Kg6 18. Qg4 f5 19. Qg3 f4 20. Qg4 Kh6 21. Qh4+ Kg6 22. Qh7+ Kxg5 23. h4+ Kg4 24. f3+ Kg3 25. Nd2 1-0


[Site "https://www.chess.com"]

[Event "Titled Tuesday Blitz June 13 Early 2023"]
[White "Kuznetsov, Mikhail"]
[Black "Altman, Joshua"]
[WhiteFideId "4117190"]
[BlackFideId "426210"]
[WhiteElo "1981"]
[BlackElo "2028"]
[Result "1-0"]
[Round "3"]
[TimeControl "180+2"]
[Date "2023.06.13"]
[WhiteClock "0:00:05"]
[BlackClock "0:00:04"]
[Board "118"]

1. Nf3 Nf6 2. g3 b6 3. Bg2 Bb7 4. O-O e6 5. c4 Be7 6. Nc3 c5 7. d3 O-O 8. e4 d6 9. Nd2 Qc8 10. f4 Nbd7 11. Nf3 a6 12. h3 Rd8 13. g4 Nf8 14. Nh2 d5 15. g5 Ne8 16. Qe2 d4 17. Nd1 b5 18. b3 a5 19. cxb5 a4 20. bxa4 Rxa4 21. Nb2 Rb4 22. a4 Nd6 23. Qc2 c4 24. dxc4 Nxc4 25. Nd3 Bc5 26. Kh1 Be7 27. Rd1 Na5 28. Qxc8 Rxc8 29. Nxb4 Bxb4 30. Bb2 e5 31. fxe5 Ne6 32. Nf3 Bxe4 33. Nxd4 Bxg2+ 34. Kxg2 Nf4+ 35. Kg3 Ng6 36. Nc6 Nxc6 37. bxc6 Ba5 38. Rac1 Ne7 39. Rd6 Nf5+ 40. Kf4 Nxd6 41. exd6 Bd2+ 42. Ke4 Bxc1 43. d7 Rd8 44. c7 Bxg5 45. c8=Q h6 46. Kf5 g6+ 47. Kg4 Kh7 48. Bd4 f5+ 49. Kf3 Be7 50. Bb6 Rxd7 51. Qxd7 Kg7 52. Qxe7+ Kg8 53. Bd4 g5 54. Qg7# 1-0


[Site "https://www.chess.com"]

[Event "Titled Tuesday Blitz June 13 Early 2023"]
[White "Miszler, Levente"]
[Black "Haug, Havard"]
[WhiteFideId "763276"]
[BlackFideId "1547887"]
[WhiteElo "2176"]
[BlackElo "2396"]
[Result "0-1"]
[Round "3"]
[TimeControl "180+2"]
[Date "2023.06.13"]
[WhiteClock "0:01:17"]
[BlackClock "0:01:49"]
[Board "119"]

1. e4 c6 2. d4 d5 3. Nc3 dxe4 4. Nxe4 Nf6 5. Nxf6+ exf6 6. Nf3 Bd6 7. Be3 O-O 8. Qd2 Re8 9. O-O-O a5 10. Bd3 b5 11. h4 h5 12. Bf4 Be6 13. Kb1 a4 14. Bxd6 Qxd6 15. Rhe1 b4 16. Be4 b3 17. a3 Nd7 18. c3 Bd5 19. Bxd5 Qxd5 20. Qd3 Nb6 21. Re3 Nc4 22. Rxe8+ Rxe8 23. Re1 Rxe1+ 24. Nxe1 Qe6 25. Nf3 Nd6 26. Kc1 Qg4 27. Ne1 Qf4+ 28. Qe3 Qf5 29. f3 Qb5 30. Nd3 Qf5 31. Kd2 Nc4+ 0-1


[Site "https://www.chess.com"]

[Event "Titled Tuesday Blitz June 13 Early 2023"]
[White "Schnaider, Ilan"]
[Black "GMFYHR1"]
[WhiteFideId "169013"]
[WhiteElo "2224"]
[BlackElo "2432"]
[Result "0-1"]
[Round "3"]
[TimeControl "180+2"]
[Date "2023.06.13"]
[WhiteClock "0:00:05"]
[BlackClock "0:00:36"]
[Board "120"]

1. e4 e6 2. d4 d5 3. Nd2 dxe4 4. Nxe4 Bd7 5. Nf3 Bc6 6. Ng3 Nd7 7. c3 Ngf6 8. Bd3 Be7 9. O-O O-O 10. a4 Bd5 11. b4 a6 12. Bg5 h6 13. Bf4 b6 14. Ne5 c5 15. dxc5 bxc5 16. c4 Bb7 17. b5 axb5 18. axb5 Rxa1 19. Qxa1 Nxe5 20. Bxe5 Qxd3 21. Qa7 Qd7 22. Bxf6 Bxf6 23. Qxc5 Rc8 24. Qb4 Qd4 25. Rc1 Bg5 26. Rb1 Rxc4 27. Qa5 Rc2 28. Rf1 Qd5 29. f3 Rb2 30. Ne4 Be3+ 31. Kh1 Rxb5 32. Qc7 Qd3 33. Re1 Rb1 34. Qg3 Qf1+ 35. Rxf1 Rxf1# 0-1


[Site "https://www.chess.com"]

[Event "Titled Tuesday Blitz June 13 Early 2023"]
[White "Ansh M Shah"]
[Black "Kashlinskaya, Alina"]
[WhiteFideId "25033379"]
[BlackFideId "4198026"]
[WhiteElo "2084"]
[BlackElo "2383"]
[Result "0-1"]
[Round "3"]
[TimeControl "180+2"]
[Date "2023.06.13"]
[WhiteClock "0:00:00"]
[BlackClock "0:00:09"]
[Board "121"]

1. d4 Nf6 2. c4 g6 3. h4 Bg7 4. Nc3 c5 5. d5 O-O 6. e4 d6 7. Be2 e6 8. h5 exd5 9. exd5 Re8 10. Kf1 Nbd7 11. h6 Bh8 12. g3 Ne4 13. Nxe4 Rxe4 14. Bd3 Re8 15. Nf3 Nf6 16. Bg5 Qb6 17. Qc2 Bg4 18. Kg2 Nd7 19. Bf4 Bxf3+ 20. Kxf3 Ne5+ 21. Bxe5 Rxe5 22. Rae1 Rae8 23. Rxe5 Rxe5 24. b3 Qd8 25. Rh4 f5 26. Qd2 Qe7 27. Rh1 Bf6 28. Kg2 b6 29. a3 Qe8 30. Rb1 Re7 31. b4 Bd4 32. bxc5 Bxc5 33. Qc3 Qf8 34. Rh1 f4 35. g4 f3+ 36. Kg3 Re5 37. Bc2 Qf6 38. Bd1 Qe7 39. Bxf3 Qf6 40. Kg2 Qf4 41. Qd3 Re7 42. Rh3 Qe5 43. Rg3 Qb2 44. a4 Qxf2+ 45. Kh3 Re3 46. Qd1 Re1 47. Qd3 Re3 48. Qd1 a5 49. Qh1 Bd4 50. Qg2 Qe1 51. Qh1 Be5 52. Qxe1 Rxe1 53. Rg2 Re3 54. Rf2 Rc3 55. Kg2 Rxc4 56. Be2 Rxa4 57. Bb5 Rxg4+ 58. Kh3 Rf4 59. Rc2 g5 0-1


[Site "https://www.chess.com"]

[Event "Titled Tuesday Blitz June 13 Early 2023"]
[White "Gracia Alvarez, Gerardo Antonio"]
[Black "Domingo Nunez, Ruben"]
[WhiteFideId "5109124"]
[BlackFideId "22245570"]
[WhiteElo "2160"]
[BlackElo "2404"]
[Result "1-0"]
[Round "3"]
[TimeControl "180+2"]
[Date "2023.06.13"]
[WhiteClock "0:00:03"]
[BlackClock "0:00:19"]
[Board "122"]

1. e4 g6 2. d4 Bg7 3. Nf3 c6 4. Nc3 d5 5. h3 dxe4 6. Nxe4 Nf6 7. Nxf6+ exf6 8. Bc4 O-O 9. O-O a5 10. a4 Na6 11. Re1 Nb4 12. c3 Nd5 13. Bd2 Be6 14. Bf1 Re8 15. Qc2 Qd6 16. g3 Qd7 17. Kh2 Bf8 18. Re2 Bf5 19. Qd1 Rxe2 20. Qxe2 Bd6 21. Re1 h5 22. Nh4 Be6 23. Nxg6 fxg6 24. Qxe6+ Qxe6 25. Rxe6 Rd8 26. c4 Nc7 27. Rxf6 Kg7 28. Rf3 Bb4 29. Bxb4 axb4 30. Rb3 Na6 31. Rd3 Nc5 32. Re3 Rxd4 33. a5 Rd2 34. Re5 Nd7 35. Re2 Rd1 36. Kg2 Kf6 37. Re3 Ra1 38. Rf3+ Kg7 39. Re3 Kf7 40. Rf3+ Nf6 41. c5 Rxa5 42. Rb3 Rxc5 43. Rxb4 b5 44. Rd4 Nd5 45. Bd3 Ne7 46. Be4 Ke6 47. h4 Rc1 48. Rd2 Rc4 49. Re2 Kf6 50. Bf3 Rb4 51. Rd2 Rc4 52. Rd6+ Ke5 53. Rd7 Ke6 54. Rd2 Rc5 55. Be4 Re5 56. f3 c5 57. Kf2 c4 58. Rc2 Kf6 59. b3 Rc5 60. bxc4 bxc4 61. Ke3 Ke5 62. f4+ Kd6 63. Kd4 Ra5 64. Rxc4 Ra3 65. Rc3 Ra1 66. Rd3 Ke6 67. Ke3 Rg1 68. Kf2 Ra1 69. Re3 Kf6 70. Kf3 Rf1+ 71. Kg2 Rc1 72. Kf3 Rc4 73. Bd3 Rd4 74. Be4 Ng8 75. Rd3 Rb4 76. Rd6+ Kf7 77. Bxg6+ Ke7 78. Ra6 Rb3+ 79. Kg2 Nf6 80. Bf5 Nd5 81. Be4 Ne3+ 82. Kf2 Ng4+ 83. Kg2 Rb2+ 84. Kg1 Re2 85. Bf3 Re1+ 86. Kg2 Nf6 87. Ra5 Rc1 88. Bxh5 Rc2+ 89. Kh3 Rc3 90. Bg6 Ke6 91. h5 Nd5 92. Bf7+ Kxf7 93. Rxd5 Rc5 94. Rxc5 1-0


[Site "https://www.chess.com"]

[Event "Titled Tuesday Blitz June 13 Early 2023"]
[White "Ingebretsen, Jens E"]
[Black "Petrova, Irina"]
[WhiteFideId "1522965"]
[BlackFideId "14124122"]
[WhiteElo "2213"]
[BlackElo "2084"]
[Result "1/2-1/2"]
[Round "3"]
[TimeControl "180+2"]
[Date "2023.06.13"]
[WhiteClock "0:01:12"]
[BlackClock "0:01:01"]
[Board "123"]

1. c4 d6 2. Nc3 e5 3. d4 exd4 4. Qxd4 Nc6 5. Qd2 Nf6 6. b3 a5 7. Bb2 a4 8. Nxa4 Rxa4 9. bxa4 d5 10. a3 dxc4 11. Qxd8+ Kxd8 12. e3 Be6 13. O-O-O+ Kc8 14. Nf3 Na5 15. Ng5 Nb3+ 16. Kb1 Bf5+ 17. Ka2 Bc2 18. Bxc4 Bxd1 19. Rxd1 Na5 20. Bxf7 Bd6 21. Be6+ Kb8 22. Nf7 Re8 23. Nxd6 Rxe6 24. Nb5 Re8 25. Bxf6 gxf6 26. Rd7 h5 27. Rxc7 h4 28. Rh7 Rg8 29. g3 hxg3 30. hxg3 Rd8 31. Nd4 Nc6 32. Rf7 Nxd4 33. exd4 Rxd4 34. Rxf6 Rxa4 35. Kb3 Re4 36. f4 Re3+ 37. Kb4 Rxg3 38. Rf7 Rf3 39. a4 Ka7 40. a5 Rf1 41. Rf8 Rf2 42. f5 Rf4+ 43. Kb5 Rf1 44. f6 Rb1+ 45. Kc5 Rf1 46. f7 Rf2 47. Kd6 Rd2+ 48. Ke5 Re2+ 49. Kf5 Rf2+ 50. Kg4 Rf1 51. Kg3 Rf6 52. Kg4 Rf1 53. Kh5 Rh1+ 54. Kg6 Rg1+ 55. Kf5 Rf1+ 56. Ke6 Re1+ 57. Kd6 Rd1+ 58. Kc7 Rf1 59. Kc8 Rc1+ 60. Kd8 Rd1+ 61. Ke8 Re1+ 62. Kd7 Rd1+ 63. Ke6 Re1+ 64. Kd5 Rd1+ 65. Kc4 Rf1 66. Kb4 Rf2 67. Kb5 Rf5+ 68. Ka4 Rf4+ 69. Kb3 Rf3+ 70. Kc2 Rf2+ 71. Kd1 Rf1+ 72. Ke2 Rf5 73. Ke3 Rf1 74. Ke4 Rf2 75. Kd5 Rf1 76. Ke5 Re1+ 77. Kf6 Rf1+ 78. Kg7 Rg1+ 79. Kh8 Rh1+ 80. Kg8 Rg1+ 81. Kh7 Rh1+ 82. Kg6 Rg1+ 83. Kh5 Rh1+ 84. Kg4 Rg1+ 85. Kh3 Rf1 86. a6 bxa6 87. Kg2 Rf6 88. Kg3 a5 89. Kg4 Rf1 90. Kg5 a4 91. Kg6 Rg1+ 92. Kf6 Rf1+ 93. Kg6 Rg1+ 94. Kf6 Rf1+ 95. Kg6 1/2-1/2


[Site "https://www.chess.com"]

[Event "Titled Tuesday Blitz June 13 Early 2023"]
[White "Koridze, Lile"]
[Black "Atanasov, Anthony"]
[WhiteFideId "13612514"]
[BlackFideId "2623897"]
[WhiteElo "2047"]
[BlackElo "2328"]
[Result "1-0"]
[Round "3"]
[TimeControl "180+2"]
[Date "2023.06.13"]
[WhiteClock "0:00:07"]
[BlackClock "0:00:01"]
[Board "124"]

1. d4 e5 2. dxe5 Qe7 3. Nf3 Nc6 4. Nc3 Nxe5 5. e4 c6 6. Bd3 Nxd3+ 7. Qxd3 d5 8. O-O dxe4 9. Nxe4 Be6 10. Be3 Nf6 11. Bc5 Qd7 12. Nxf6+ gxf6 13. Qc3 Bxc5 14. Qxc5 O-O-O 15. Qxa7 Rhg8 16. Qa8+ Kc7 17. Qa5+ Kb8 18. Kh1 Bh3 19. Rg1 Qg4 20. Ne1 Rde8 21. f3 Qd4 22. Nd3 Rg5 23. gxh3 Rxa5 24. Rg3 Qd5 25. b3 Re2 26. Nf4 Qd4 27. Nxe2 Qxa1+ 28. Rg1 Qxa2 29. b4 Rb5 30. Nc3 Qa3 31. Nxb5 Qb3 32. cxb3 cxb5 33. Rg7 Ka7 34. Rxf7 f5 35. Rxf5 Kb6 36. Rf7 Ka6 37. Rxh7 b6 38. Rh8 1-0


[Site "https://www.chess.com"]

[Event "Titled Tuesday Blitz June 13 Early 2023"]
[White "Mouhamad, Joachim"]
[Black "Nagare Kaivalya Sandip"]
[WhiteFideId "656410"]
[BlackFideId "25957929"]
[WhiteElo "2125"]
[BlackElo "2024"]
[Result "0-1"]
[Round "3"]
[TimeControl "180+2"]
[Date "2023.06.13"]
[WhiteClock "0:00:00"]
[BlackClock "0:00:22"]
[Board "125"]

1. e4 c5 2. Nf3 d6 3. d4 cxd4 4. Nxd4 Nf6 5. Nc3 a6 6. f3 e5 7. Nb3 Be6 8. Be3 h5 9. Nd5 Bxd5 10. exd5 Qc7 11. c4 Nbd7 12. Be2 a5 13. Rc1 a4 14. Na1 g6 15. O-O Bg7 16. Nc2 O-O 17. Na3 b6 18. Nb5 Qb8 19. b4 axb3 20. axb3 Kh7 21. b4 Ng8 22. Ra1 Rxa1 23. Qxa1 e4 24. Qa7 Qxa7 25. Nxa7 Ra8 26. Nb5 Ra3 27. Kf2 f5 28. f4 Rb3 29. Nxd6 Rxb4 30. Rd1 Ngf6 31. h3 Nc5 32. Nf7 Nfd7 33. Rd2 Rb1 34. Ng5+ Kg8 35. Ra2 Ra1 36. Rxa1 Bxa1 37. g4 hxg4 38. hxg4 Nf6 39. gxf5 gxf5 40. Ne6 Nfd7 41. Kg3 Kf7 42. Kh4 Nxe6 43. dxe6+ Kxe6 44. Kg5 Bf6+ 45. Kg6 Nf8+ 46. Kh6 Nd7 47. Kg6 Be7 48. Bf1 Bc5 49. Bxc5 bxc5 50. Bh3 Nf8+ 51. Kg5 e3 52. Bxf5+ Kd6 53. Bd3 Ne6+ 54. Kg4 Nd4 55. Kg3 Ke6 56. Kg2 Kf6 57. Kg3 Kg7 58. Kg2 Kh6 59. Kg3 Kh5 60. Kg2 Kg4 61. f5 Nxf5 62. Bxf5+ Kxf5 63. Kf3 e2 64. Kxe2 Ke4 65. Kd1 Kd3 66. Kc1 Kc3 67. Kd1 Kb2 68. Kd2 Ka2 69. Kc2 Ka3 70. Kc3 Ka4 71. Kd2 Kb3 72. Kd3 Kb4 73. Kd2 Kxc4 74. Kc2 Kd4 75. Kd2 Ke5 76. Ke3 Kd6 77. Kd3 Kc7 78. Kc4 Kb6 79. Kc3 Kb5 80. Kb3 c4+ 81. Kc3 Kc5 82. Kc2 Kd4 83. Kd2 Ke4 84. Ke2 Kd5 85. Kd2 Ke4 86. Ke2 c3 87. Ke1 Ke3 88. Kd1 Kd3 89. Kc1 c2 90. Kb2 Kd2 0-1


[Site "https://www.chess.com"]

[Event "Titled Tuesday Blitz June 13 Early 2023"]
[White "Kvaloy, Aksel Bu"]
[Black "Gulkov, Igor A."]
[WhiteFideId "1528815"]
[BlackFideId "4120973"]
[WhiteElo "2318"]
[BlackElo "2343"]
[Result "1-0"]
[Round "3"]
[TimeControl "180+2"]
[Date "2023.06.13"]
[WhiteClock "0:00:06"]
[BlackClock "0:00:00"]
[Board "126"]

1. e4 c5 2. Nf3 d6 3. d4 cxd4 4. Nxd4 Nf6 5. Nc3 a6 6. h4 Nc6 7. Nxc6 bxc6 8. e5 dxe5 9. Qxd8+ Kxd8 10. Na4 Kc7 11. Bd2 a5 12. Bc3 Nd7 13. O-O-O e6 14. Bc4 Bb4 15. Rhe1 Bxc3 16. Nxc3 Re8 17. Ne4 f6 18. g4 Re7 19. g5 f5 20. Nd6 Nb6 21. Rxe5 Bd7 22. Be2 Rf8 23. Bf3 Nd5 24. Nc4 a4 25. Ne3 Ree8 26. Bxd5 exd5 27. Rxe8 Rxe8 28. Kd2 f4 29. Ng2 Bg4 30. Re1 Rxe1 31. Kxe1 Bf5 32. c3 f3 33. Ne3 Be4 34. Kd2 Kd6 35. Ng4 Bf5 36. Nh2 Bb1 37. a3 c5 38. Nxf3 Be4 39. Ke3 Bxf3 40. Kxf3 Ke5 41. Ke3 Kf5 42. f3 Ke5 43. f4+ Kf5 44. h5 g6 45. h6 Kg4 46. c4 d4+ 47. Ke4 Kg3 48. f5 gxf5+ 49. Kxf5 d3 50. g6 hxg6+ 51. Kxg6 d2 52. h7 d1=Q 53. h8=Q Qd3+ 54. Kg5 Qxc4 55. Qe5+ Kf3 56. Kf6 Qd4 57. Ke6 Qc4+ 58. Qd5+ 1-0


[Site "https://www.chess.com"]

[Event "Titled Tuesday Blitz June 13 Early 2023"]
[White "Moral Garcia, Serafin"]
[Black "Fajdetic, Hrvoje"]
[WhiteFideId "2201925"]
[BlackFideId "14501945"]
[WhiteElo "2274"]
[BlackElo "2185"]
[Result "1-0"]
[Round "3"]
[TimeControl "180+2"]
[Date "2023.06.13"]
[WhiteClock "0:00:18"]
[BlackClock "0:00:01"]
[Board "127"]

1. c4 f5 2. Nc3 Nf6 3. g3 e5 4. Bg2 d6 5. d3 Be7 6. e4 Nc6 7. Nge2 O-O 8. O-O Qe8 9. f4 Qh5 10. fxe5 dxe5 11. Nd5 Bc5+ 12. Kh1 Ng4 13. h3 fxe4 14. b4 Nf2+ 15. Rxf2 Bxf2 16. Nec3 Qxd1+ 17. Nxd1 exd3 18. b5 Na5 19. Nxc7 Rb8 20. Ba3 Rf7 21. Bd5 Bd4 22. Rc1 Bxh3 23. Bb4 b6 24. Nc3 Rc8 25. Bxf7+ Kxf7 26. N3d5 Bg4 27. Rf1+ Kg8 28. Ne7+ Kh8 29. Nxc8 h6 30. Nd6 Nxc4 31. Nxc4 e4 32. Bd2 Be2 33. Rf8+ Kh7 34. Nd5 Bf3+ 35. Kh2 Be2 36. Bc3 Bxc3 37. Nxc3 Bf3 38. Re8 d2 39. Nxd2 g5 40. Nxf3 exf3 41. Rf8 g4 42. Ne4 1-0


[Site "https://www.chess.com"]

[Event "Titled Tuesday Blitz June 13 Early 2023"]
[White "Stalri"]
[Black "Mhango, Banele"]
[BlackFideId "14327040"]
[WhiteElo "2383"]
[BlackElo "2204"]
[Result "0-1"]
[Round "3"]
[TimeControl "180+2"]
[Date "2023.06.13"]
[WhiteClock "0:00:01"]
[BlackClock "0:00:34"]
[Board "129"]

1. d4 Nf6 2. c4 g6 3. Nc3 Bg7 4. e4 d6 5. h4 Nc6 6. d5 Ne5 7. Nf3 Bg4 8. Be2 Bxf3 9. gxf3 h5 10. f4 Ned7 11. Be3 c6 12. f5 gxf5 13. Rg1 Bh6 14. Bxh6 Rxh6 15. Qd2 Rh8 16. exf5 Qb6 17. Na4 Qc7 18. Rg7 Rf8 19. dxc6 bxc6 20. c5 d5 21. Kf1 Ne4 22. Qe3 Qe5 23. Rg2 Qxf5 24. Re1 Ne5 25. Nc3 Nxc3 26. bxc3 f6 27. Ba6 Kd7 28. c4 Rg8 29. cxd5 Rxg2 30. dxc6+ Kc7 31. Kxg2 Rg8+ 32. Kf1 Qg4 33. Qb3 Qg2+ 34. Ke2 Qe4+ 35. Kd1 Rd8+ 36. Kc1 Qxe1+ 37. Kb2 Rb8 38. Bb7 Nxc6 39. Qf7 Rxb7+ 0-1


[Site "https://www.chess.com"]

[Event "Titled Tuesday Blitz June 13 Early 2023"]
[White "robertoalejandro10"]
[Black "Begunov, Konstantin"]
[BlackFideId "4118510"]
[WhiteElo "2591"]
[BlackElo "1993"]
[Result "1-0"]
[Round "3"]
[TimeControl "180+2"]
[Date "2023.06.13"]
[WhiteClock "0:00:05"]
[BlackClock "0:00:00"]
[Board "130"]

1. Nf3 d5 2. b3 Bg4 3. Bb2 Bxf3 4. exf3 e6 5. g3 Nf6 6. Bg2 g6 7. O-O Bg7 8. d3 O-O 9. Nd2 a5 10. a4 Nbd7 11. f4 c6 12. Nf3 Re8 13. Re1 Qb6 14. Qe2 Ng4 15. Ne5 Ngxe5 16. fxe5 d4 17. f4 c5 18. Qe4 Rab8 19. Ba3 Qc7 20. h3 Nb6 21. Qe2 Rbd8 22. Qd2 Nd5 23. Bxd5 Rxd5 24. Re2 h5 25. Rae1 b6 26. Re4 Kf8 27. Qe2 Ke7 28. Bc1 Kd7 29. Bd2 Kc8 30. Qf3 Rh8 31. R1e2 Qc6 32. Be1 Kc7 33. Bf2 Rdd8 34. Be1 Qd5 35. Rg2 Rh7 36. Bd2 Qc6 37. Kf2 Rdh8 38. Re2 Qxf3+ 39. Kxf3 Kc6 40. Ke4 Bf8 41. c3 dxc3 42. Bxc3 Be7 43. Rc2 Rd8 44. Rgd2 Kb7 45. d4 Rhh8 46. dxc5 Bxc5 47. Bd4 Bxd4 48. Rxd4 Rxd4+ 49. Kxd4 Rd8+ 50. Ke3 Rd1 51. Rc3 Rh1 52. h4 Rg1 53. Kd4 Re1 54. Kc4 Re2 55. Kb5 Rd2 56. Kc4 Kc6 57. Rd3 Rxd3 58. Kxd3 Kd5 59. Kc3 Kc5 60. Kd3 Kb4 61. Kc2 Ka3 62. Kc3 Ka2 63. Kc4 Kb2 64. b4 axb4 65. Kxb4 1-0


[Site "https://www.chess.com"]

[Event "Titled Tuesday Blitz June 13 Early 2023"]
[White "RobertDowneyJr0111"]
[Black "sebastianmarinp"]
[WhiteElo "2590"]
[BlackElo "2374"]
[Result "0-1"]
[Round "3"]
[TimeControl "180+2"]
[Date "2023.06.13"]
[WhiteClock "0:00:35"]
[BlackClock "0:00:07"]
[Board "131"]

1. e4 e5 2. Nf3 Nc6 3. Bc4 Nf6 4. O-O Nxe4 5. Bd5 Nf6 6. Bxc6 dxc6 7. Nxe5 Be7 8. d4 O-O 9. Nc3 Bf5 10. Bf4 Nd5 11. Nxd5 Qxd5 12. Bg3 Rad8 13. c3 c5 14. dxc5 Bxc5 15. Qb3 Rfe8 16. Rfe1 Be6 17. Qxd5 Bxd5 18. b3 Be6 19. Rad1 Rxd1 20. Rxd1 Bd6 21. Nd3 Bxg3 22. hxg3 Rd8 23. Kf1 Bf5 24. Nb2 Rxd1+ 25. Nxd1 Bb1 26. Ne3 Bxa2 27. b4 Be6 28. Ke2 Kf8 29. Kd3 Ke7 30. Kd4 Kd6 31. c4 b6 32. c5+ bxc5+ 33. bxc5+ Kc6 34. f4 g6 35. g4 a5 36. g5 a4 37. Nc2 Kb5 38. g3 Bf5 39. Na3+ Kb4 40. Nc4 a3 41. Nxa3 Kxa3 42. Kd5 Kb4 43. Kc6 Be4+ 44. Kxc7 Kxc5 45. Kd7 Kd4 46. Ke7 Bd5 47. Kf6 Ke4 48. Kg7 Kf3 0-1


[Site "https://www.chess.com"]

[Event "Titled Tuesday Blitz June 13 Early 2023"]
[White "Ozalp, Burak"]
[Black "Becerra, Juan David"]
[WhiteFideId "6314210"]
[BlackFideId "4404998"]
[WhiteElo "2106"]
[BlackElo "2304"]
[Result "0-1"]
[Round "3"]
[TimeControl "180+2"]
[Date "2023.06.13"]
[WhiteClock "0:00:00"]
[BlackClock "0:00:24"]
[Board "132"]

1. Nf3 d5 2. e3 Bg4 3. h3 Bxf3 4. Qxf3 c6 5. b3 Nf6 6. Bb2 Nbd7 7. d4 Ne4 8. Bd3 Ndf6 9. O-O e6 10. c4 Be7 11. Qe2 O-O 12. Rc1 a5 13. Nc3 Nxc3 14. Bxc3 a4 15. cxd5 exd5 16. Rab1 a3 17. b4 b5 18. Be1 Qd7 19. f4 Ne4 20. Qc2 Nd6 21. Bxh7+ Kh8 22. Bd3 Ra6 23. Qe2 f5 24. Qh5+ Kg8 25. Bh4 Bxh4 26. Qxh4 Qe6 27. Kf2 Re8 28. Re1 Ra4 29. Rbc1 Rxb4 30. Kg1 Nc4 31. Qg5 Rf8 32. g4 Nd2 33. Kf2 Ne4+ 34. Bxe4 dxe4 35. Rc2 Rb2 36. Rc1 Qxa2 0-1


[Site "https://www.chess.com"]

[Event "Titled Tuesday Blitz June 13 Early 2023"]
[White "De La Villa Garcia, Jesus Maria"]
[Black "Dixit, Nikhil"]
[WhiteFideId "2200040"]
[BlackFideId "5059534"]
[WhiteElo "2371"]
[BlackElo "2207"]
[Result "0-1"]
[Round "3"]
[TimeControl "180+2"]
[Date "2023.06.13"]
[WhiteClock "0:00:00"]
[BlackClock "0:00:43"]
[Board "133"]

1. c4 c5 2. Nf3 Nc6 3. d4 cxd4 4. Nxd4 Nf6 5. Nc3 g6 6. e4 d6 7. Be2 Bg7 8. Be3 O-O 9. O-O Bd7 10. h3 Rc8 11. Rc1 Nxd4 12. Bxd4 Bc6 13. Qc2 Nd7 14. Bxg7 Kxg7 15. b4 b6 16. Qd2 Bb7 17. f4 Nf6 18. Qd4 Kg8 19. Kh1 Qc7 20. Nd5 Bxd5 21. exd5 a5 22. a3 axb4 23. axb4 Ra8 24. Ra1 Nd7 25. Bd3 Qb7 26. h4 Rxa1 27. Rxa1 Ra8 28. h5 Rxa1+ 29. Qxa1 gxh5 30. Qe1 Nf6 31. Qg3+ Kh8 32. Qe3 Qa7 33. Bf5 Qc7 34. Qd4 Kg7 35. Kh2 Qa7 36. Kh1 Qa2 37. Bd3 Qd2 38. Kg1 Qe1+ 39. Bf1 Qxb4 40. Qd3 Qc5+ 0-1


[Site "https://www.chess.com"]

[Event "Titled Tuesday Blitz June 13 Early 2023"]
[White "Ahmad, Khagan"]
[Black "Fernandez Siles, Luis"]
[WhiteFideId "13431552"]
[BlackFideId "2209420"]
[WhiteElo "2209"]
[BlackElo "2195"]
[Result "1-0"]
[Round "3"]
[TimeControl "180+2"]
[Date "2023.06.13"]
[WhiteClock "0:00:08"]
[BlackClock "0:00:11"]
[Board "134"]

1. d4 Nf6 2. Bf4 g6 3. e3 Bg7 4. Nf3 O-O 5. Be2 d6 6. O-O c5 7. c3 Be6 8. Nbd2 Nc6 9. h3 Qb6 10. Qc2 cxd4 11. exd4 Rac8 12. Bc4 d5 13. Bb3 Bf5 14. Qd1 Na5 15. Re1 Nxb3 16. axb3 Ne4 17. b4 Nxd2 18. Qxd2 Rfe8 19. Bh6 a6 20. Bxg7 Kxg7 21. Ra5 Qd6 22. Ne5 f6 23. Nd3 g5 24. b5 Qb6 25. Rea1 axb5 26. Nb4 Be6 27. Qe2 Bf7 28. Rxb5 Qc7 29. Ra7 Ra8 30. Rxa8 Rxa8 31. g3 e6 32. Kg2 Bg6 33. Rc5 Qd7 34. Qb5 Qe7 35. Qb6 Rd8 36. Rc7 Rd7 37. Rc8 e5 38. dxe5 Qxe5 39. Qd4 Be4+ 40. f3 Qxd4 41. cxd4 Bf5 42. Rc5 Be6 43. g4 b6 44. Rc6 Bf7 45. Rxb6 Re7 46. Kf2 Rc7 47. Rc6 Ra7 48. Rc5 Rb7 49. Nd3 Rb3 50. Ke2 Bg6 51. Rc7+ Kh6 52. Rc3 Bxd3+ 53. Kxd3 Rxb2 54. Rc5 Rf2 55. Ke3 Rh2 56. Rxd5 Rxh3 57. Ke4 Rh1 58. Ra5 Kg6 59. d5 Re1+ 60. Kd4 Rd1+ 61. Kc5 Rd3 62. d6 Rxf3 63. Kd4 Rf1 64. Rd5 Rd1+ 65. Kc5 Rc1+ 66. Kb6 Rc8 67. d7 Rf8 68. d8=Q Rxd8 69. Rxd8 h5 70. Kc5 hxg4 71. Kd4 f5 72. Ke3 f4+ 73. Kf2 Kf5 74. Rf8+ Ke4 75. Rg8 g3+ 76. Kg2 Ke3 77. Rxg5 Ke2 78. Re5+ Kd3 79. Re8 Kd2 80. Kf3 Kd3 81. Kxf4 g2 82. Rg8 1-0


[Site "https://www.chess.com"]

[Event "Titled Tuesday Blitz June 13 Early 2023"]
[White "crosky"]
[Black "Mortazavi, Ali"]
[BlackFideId "401323"]
[WhiteElo "2366"]
[BlackElo "2339"]
[Result "1-0"]
[Round "3"]
[TimeControl "180+2"]
[Date "2023.06.13"]
[WhiteClock "0:00:06"]
[BlackClock "0:00:10"]
[Board "135"]

1. d4 Nf6 2. c4 g6 3. Nc3 Bg7 4. e4 O-O 5. Be2 d6 6. Bg5 c5 7. d5 b5 8. cxb5 a6 9. a4 Qa5 10. Bd2 Qb4 11. Qc2 e6 12. Nf3 axb5 13. Bxb5 exd5 14. exd5 Bf5 15. Bd3 Re8+ 16. Ne2 Bxd3 17. Qxd3 Qe4 18. Qxe4 Rxe4 19. Be3 Nxd5 20. O-O Nxe3 21. fxe3 Rxe3 22. Nc3 Bxc3 23. bxc3 Rxc3 24. Ng5 Ra7 25. Ne4 Rd3 26. Rf6 Ra6 27. Raf1 Rd4 28. Ng5 Rg4 29. Nxf7 Kg7 30. Nxd6 Raxa4 31. Ne8+ Kh6 32. h3 Rge4 33. Nd6 Red4 34. Nf7+ Kg7 35. Ne5 Ra7 36. Ng4 h5 37. Nh2 Nc6 38. Rxc6 Re7 39. Rxc5 Rd2 40. Rcc1 Ree2 41. Nf3 Rxg2+ 42. Kh1 Rde2 43. Rce1 Rc2 44. Rc1 Ra2 45. Rc7+ Kh6 46. Rcc1 Rae2 47. Rb1 Ra2 48. Rbd1 Rge2 49. Rde1 Rxe1 50. Rxe1 Ra3 51. Kg2 Ra2+ 52. Kg3 g5 53. h4 Kg7 54. hxg5 Ra4 55. Re3 Rg4+ 56. Kh3 Kg6 57. Re6+ Kf5 58. Ra6 Kf4 59. Ra3 Rg3+ 60. Kh2 Rg4 61. Ng1 Rh4+ 62. Nh3+ Kg4 63. Ra4+ Kf5 64. Rxh4 Kg6 65. Kg3 Kf5 66. Nf2 Kg6 67. Ne4 Kf5 68. Nd2 Kg6 69. Rf4 Kxg5 70. Rf3 h4+ 71. Kh3 Kh5 72. Rf1 Kg5 73. Rg1+ 1-0


[Site "https://www.chess.com"]

[Event "Titled Tuesday Blitz June 13 Early 2023"]
[White "Spata, German"]
[Black "Rosenberg, Evan S"]
[WhiteFideId "113026"]
[BlackFideId "2019299"]
[WhiteElo "2260"]
[BlackElo "2364"]
[Result "1/2-1/2"]
[Round "3"]
[TimeControl "180+2"]
[Date "2023.06.13"]
[WhiteClock "0:00:11"]
[BlackClock "0:00:09"]
[Board "136"]

1. Nf3 d5 2. d4 Bf5 3. e3 e6 4. Bd3 Bxd3 5. Qxd3 c6 6. O-O Nd7 7. Nbd2 Ngf6 8. e4 dxe4 9. Nxe4 Nxe4 10. Qxe4 Be7 11. c3 O-O 12. Rd1 Re8 13. Bf4 Qa5 14. h3 Qh5 15. Qe2 a6 16. Rd2 Rac8 17. Rad1 h6 18. Qc4 b5 19. Qe2 Nf6 20. Ne5 Qxe2 21. Rxe2 Red8 22. Nd3 c5 23. dxc5 Bxc5 24. Red2 Bb6 25. Nb4 Rxd2 26. Rxd2 a5 27. Nc2 Ne4 28. Re2 f5 29. Be3 Bxe3 30. Nxe3 Rd8 31. f3 Ng3 32. Rc2 f4 33. Kf2 fxe3+ 34. Kxg3 Rd2 35. Rc1 Rxb2 36. a4 bxa4 37. Ra1 e2 38. Kf2 e1=Q+ 39. Kxe1 Rxg2 40. Rxa4 Rg5 41. Ke2 Kf7 42. Kd3 Ke7 43. Rc4 Kd6 44. Rc8 Kd7 45. Ra8 h5 46. c4 g6 47. Kd4 Rf5 48. Ra7+ Kc6 49. Ra6+ Kd7 50. Ra7+ Kd6 51. Ra6+ Ke7 52. Ke4 Rc5 53. Kd4 Rf5 54. Ke4 Rc5 55. Kd4 Rf5 1/2-1/2


[Site "https://www.chess.com"]